 Dungeon Crawl Stone Soup version 0.31-a0-246-g8cbcc1cb85 (webtiles) character file.

Game seed: 1877522338179025162

106 Newt the Shooter (level 5, -1/12 HPs)
             Began as a Kobold Hunter on July 12, 2023.
             Killed from afar by Natasha (8 damage)
             ... with a magic dart
             ... on level 2 of the Dungeon.
             The game lasted 00:01:31 (2039 turns).

Newt the Shooter (Kobold Hunter)                    Turns: 2039, Time: 00:01:33

Health: -1/12      AC:  8    Str: 15    XL:     5   Next: 10%
Magic:  5/5        EV: 11    Int: 11    God:
Gold:   65         SH:  0    Dex: 24    Spells: 4/4 levels left

rFire   . . .        a - melded +0 shortbow
rCold   . . .        (shield currently unavailable)
rNeg    . . .        c - melded +0 leather armour
rPois   .            f - melded +0 helmet
rElec   .            (cloak currently unavailable)
rCorr   .            (gloves currently unavailable)
SInv    .            (boots currently unavailable)
Will    +....        (no amulet)
Stlth   +++          l - ring of willpower
HPRegen 0.22/turn    m - +6 ring of dexterity
MPRegen 0.09/turn

%: no passive effects
@: snake-form
A: constrict, amphibious, reduced hp, large, no large weapons, nightstalker 3
a: no special abilities


You were on level 2 of the Dungeon.
You were an enormous anaconda.
You visited 1 branch of the dungeon, and saw 2 of its levels.

You collected 65 gold pieces.

Inventory:

Hand Weapons
 a - a +0 shortbow (melded)
 k - a +3 dagger
Armour
 c - a +0 leather armour (melded)
 f - a +0 helmet (melded)
 i - a +0 kite shield
Jewellery
 l - a ring of willpower (left hand)
 m - a +6 ring of dexterity (right hand)
Talismans
 j - a serpent talisman
Scrolls
 b - a scroll of butterflies
 d - 2 scrolls of identify {unknown}
 n - a scroll of amnesia {unknown}
Potions
 e - a potion of might {unknown}
 g - a potion of enlightenment {unknown}
 h - a potion of curing {unknown}


   Skills:
 - Level 5.0 Fighting
 - Level 5.3 Ranged Weapons
 - Level 2.4 Dodging
 - Level 1.3 Stealth
 + Level 1.1 Shapeshifting


You had 4 spell levels left.
You didn't know any spells.
Your spell library contained the following spells:

 Spells                   Type           Power      Damage    Failure   Level
 Summon Forest            Summ/Tloc      0%         N/A       100%        5
 Summon Mana Viper        Hex/Summ       0%         N/A       100%        5
 Summon Cactus Giant      Summ           0%         N/A       100%        6


Dungeon Overview and Level Annotations

Branches:
Dungeon (2/15)

Altars:

Annotations:
D:2 Natasha


Innate Abilities, Weirdness & Mutations

You are an enormous anaconda.
You have a powerful constriction melee attack.
You are amphibious.
Your maximum health is decreased, since you lack skill for your form.
Your spellcasting is less reliable in this form.
Your armour is entirely melded.
You are incapable of wielding weapons or throwing items.
You are small and have problems with some larger weapons.
You are completely attuned to the shadows.


Message History

No target in view!
Found 8 stones.
You open the door.
Found 3 stones.
No target in view!
No target in view!
No target in view!
Found an escape hatch in the floor.
There is an open door here.
There is an open door here.
You now have 49 gold pieces (gained 9).
You see here a +0 robe.
There is an escape hatch in the ceiling here.
There is an open door here.
There is an open door here.
You now have 53 gold pieces (gained 4).
You now have 65 gold pieces (gained 12).
Found a stone staircase leading down.
No target in view!
No target in view!
No target in view!
There is an open door here.
There is an open door here.
There is an open door here.
There is an open door here.
Natasha, Servant of Life and Death comes into view.
Natasha is nearby!
Natasha hisses angrily.
You hit Natasha. You grab Natasha.
Natasha is moderately wounded.
You constrict Natasha. Natasha casts a spell at you. The magic dart hits you.
You hit Natasha.
Natasha is severely wounded.
You constrict Natasha. Natasha casts a spell at you. The magic dart hits you!
Ouch! That really hurt!
You die...

#.........# ##........#####.#
######.########...............#
#.# #...............######
#.###.##.#..........#
#........##........##
#####.#####.......##
#........#...## #######.######
#S# #h# #.# ####### #.# #.....#
######.##
#.###.###....†..#############
#.# #.......##..............#
#.###.###.#.#...####.###.##.#
#.....# #.#......# #.# #.##.#


You could see Natasha.

Vanquished Creatures
  Natasha (twice) (D:2)
  2 adders (D:2)
  A worm (D:2)
  A dart slug (D:2)
  5 endoplasms
  2 giant cockroaches
  3 hobgoblins
  3 kobolds (D:2)
  A quokka (D:2)
  A bat (D:2)
  A frilled lizard (D:1)
  9 goblins
  2 rats
33 creatures vanquished.

Notes
Turn   | Place    | Note
-------+----------+-------------------------------------------
     0 | D:1      | Newt the Kobold Hunter began the quest for the Orb.
     0 | D:1      | Reached XP level 1. HP: 12/12 MP: 1/1
   236 | D:1      | Reached XP level 2. HP: 14/18 MP: 2/2
  1024 | D:2      | Reached XP level 3. HP: 8/24 MP: 3/3
  1292 | D:2      | Noticed Natasha
  1299 | D:2      | Killed Natasha
  1300 | D:2      | Reached XP level 4. HP: 10/30 MP: 4/4
  1432 | D:2      | Noticed Natasha
  1441 | D:2      | Killed Natasha
  1442 | D:2      | Reached skill level 5 in Fighting
  1531 | D:2      | Reached XP level 5. HP: 5/35 MP: 5/5
  1750 | D:2      | Reached skill level 1 in Shapeshifting
  2036 | D:2      | Noticed Natasha
  2039 | D:2      | Killed from afar by Natasha

Illustrated notes

Levels and vault maps discovered:
D:1:      ebering_trefoil_twist, layout_basic
D:2:      layout_loops_corners, grunt_ministairs_6, uniq_natasha

Skill      XL: |  1  2  3  4  5 |
---------------+----------------+-----
Fighting       | 3 4 5 |  5.0
Shapeshifting  | 1 |  1.1
Ranged Weapons | |  5.3
Dodging        | |  2.4
Stealth        | |  1.3

Action                     |  1- 3 |  4- 6 || total
---------------------------+-------+-------++-------
  Melee: Unarmed           |    25 |    19 ||    44
         Constrict         |     4 |     4 ||     8
   Fire: Shortbow          |    17 |       ||    17
    Use: Scroll            |     2 |       ||     2
   Stab: Sleeping          |     7 |     5 ||    12
 Armour: Skin              |     6 |     3 ||     9
  Dodge: Dodged            |     6 |     5 ||    11
   Form: Anaconda          |     1 |       ||     1

Table legend: (Time is in decaauts)
 A = Elapsed time spent in this place.
 B = Non-inter-level travel time spent in this place.
 C = Inter-level travel time spent in this place.
 D = Time resting spent in this place.
 E = Time spent auto-exploring this place.
 F = Levels seen in this place.
 G = Mean time per level.
                   A        B        C        D        E       F      G
               +--------+--------+--------+--------+--------+-----+--------+
         Total |   2041 |   1961 |     80 |    128 |   1641 |   2 | 1020.5 |
       Dungeon |   2041 |   1961 |     80 |    128 |   1641 |   2 | 1020.5 |
               +--------+--------+--------+--------+--------+-----+--------+

Top non-repeatable levels by time:
     D:2: 1024 daAuts
     D:1: 1017 daAuts
